 Dungeon Crawl Stone Soup version 0.30-a0-748-ge6a52f7cba (webtiles) character file.

Game seed: 14800884333898603125

7 Esekla the Sneak (level 2, 21/21 HPs)
             Began as an Octopode Delver on Feb 8, 2023.
             Quit the game on level 5 of the Dungeon.
             The game lasted 00:01:04 (133 turns).

Esekla the Sneak (Octopode Delver)                   Turns: 133, Time: 00:01:05

Health: 21/21      AC:  1    Str: 11    XL:     2   Next: 4%
Magic:  2/2        EV: 13    Int: 12    God:
Gold:   15         SH:  0    Dex: 13    Spells: 1/1 levels left

rFire   . . .      SeeInvis .    a - +0 falchion
rCold   . . .      Faith    .    (no shield)
rNeg    . . .      Spirit   .    (helmet restricted)
rPois   .          Reflect  .    (no amulet)
rElec   .          Harm     .    (no ring)
rCorr   .          Rampage  .    (no ring)
Will    .....                    (no ring)
Stlth   ++++                     (no ring)
HPRegen 0.23/turn                (no ring)
MPRegen 0.08/turn                (no ring)
                                 (no ring)
                                 (no ring)

@: no status effects
A: almost no armour, amphibious, 8 rings, camouflage 1, gelatinous body 1,
(nimble swimmer 1), tentacles
a: no special abilities


You were on level 5 of the Dungeon.
You visited 1 branch of the dungeon, and saw 1 of its levels.

You collected 15 gold pieces.

Inventory:

Hand Weapons
 a - a +0 falchion (weapon)
Wands
 c - a wand of charming (14)
 f - a wand of digging (3)
Scrolls
 b - a scroll of fog
 d - a scroll of fear
Potions
 e - a potion of haste


   Skills:
 * Level 3.1 Fighting
 * Level 2.0 Long Blades
 * Level 2.1 Dodging
 + Level 6.8 Stealth
 * Level 0.2 Spellcasting


You had one spell level left.
You didn't know any spells.
Your spell library contained the following spells:

 Spells                   Type           Power      Damage    Failure   Level
 Freeze                   Ice            0%         1d3       32%         1
 Frozen Ramparts          Ice            0%         1d1       69%         3
 Hailstorm                Conj/Ice       0%         3d3       69%         3


Dungeon Overview and Level Annotations

Branches:
Dungeon (5/15)
 Temple: D:4-7

Altars:
Ru


Innate Abilities, Weirdness & Mutations

You cannot wear most types of armour.
You are amphibious.
You can wear up to eight rings at the same time.
Your skin changes colour to match your surroundings (Stealth+).
Your rubbery body absorbs attacks. (AC +1, EV +1)
((You are camouflaged when in or above water. (Stealth+)))
You have tentacles for arms and can constrict up to eight enemies at once.


Message History

Found a stone staircase leading down and a stone staircase leading up.
As you read the scroll of magic mapping, it crumbles to dust.
You feel aware of your surroundings.
You sensed 1 altar.
A white imp comes into view.
Found a gnarled jewelled staff.
Found a stone staircase leading up.
The white imp shouts, "Away with thee, thou villainous nose-picking harpy!"
You hear an angry hiss.
You hit the white imp. Your grab misses the white imp.
The white imp is lightly wounded.
The white imp hits you but does no damage.
You hit the white imp. You grab the white imp.
The white imp is heavily wounded.
You constrict the white imp, but do no damage.
The white imp gestures at you. The puff of frost hits you!
Ouch! That really hurt!
You hit the white imp but do no damage. You squeeze the white imp.
You kill the white imp!
You have reached level 2!
You start resting.
A worm comes into view.
Found a scroll of fog.
Found 15 gold pieces.
Found a stone staircase leading up.
You now have 15 gold pieces.
You start resting.
HP restored.
An iguana comes into view.
Found a stone staircase leading down.
Found a bone wand.
Found a book of Frost.
Found a sacrificial altar of Ru.
An iguana comes into view.
You see here a book of Frost.
You pick up a book of Frost and begin reading...
You add the spells Freeze, Frozen Ramparts and Hailstorm to your library.
A hound comes into view.
You see here a wand of charming (14).
c - a wand of charming (14) Are you sure you want to abandon this character and quit the game? (Confirm with "yes".)

,,,,,,,,,..##,,,..,*,*,,,,,,,*,,*
,,,,,,,,**...,,,.#,,,,,,,,,,,,,,*
,,,,,*,,,**..###.##,....,,,,,,,**
,,,,,**,,,,#......#.....,,,,,,,,,
,,,,,****,*#......#.....,,**,**,,
,,,,,***,,*#......#....,,,,****,,
,,,,,,,,,,*#.........###*****,*,,
*,,,,,,,,,*,,,#.##...#.#.*,**,,,,
*******,***#####@..........##,,,*
**,,,,,,,,,..# #.......>.....,,,,
,*,****,***#.# #.............*,,,
,*,*,,,,,,,#.###..........##.###,
,*,*,#*,*#,#.#......#.#.#.##...##
,*,*,#...#.#.#.##.#........##.###
,,,,,.l_.......##.#.#.#.#.......#
**,*,#...#.#.####...............#
*,*,#*,*#,#.# *#...#.#.#....#...


There were no monsters in sight!

Vanquished Creatures
  A white imp (D:5)
1 creature vanquished.

Notes
Turn   | Place    | Note
-------+----------+-------------------------------------------
     0 | D:5      | Esekla the Octopode Delver began the quest for the Orb.
     0 | D:5      | Reached XP level 1. HP: 16/16 MP: 1/1
    24 | D:5      | Reached XP level 2. HP: 7/21 MP: 2/2
   117 | D:5      | Found a sacrificial altar of Ru.
   133 | D:5      | Quit the game

Illustrated notes

Levels and vault maps discovered:
D:5:      layout_cave_pools, nicolae_ru_sacrificial_ziggurat, serial_glass,
          glass_columns_a, glass_columns_a, glass_columns_c, glass_columns_b,
          glass_columns_a, glass_columns_b, glass_columns_a, glass_columns_b,
          glass_columns_c, glass_columns_a, serial_bayou_pond_e,
          grunt_ministairs_7, kennysheep_generic_room_6

Action                     || total
---------------------------++-------
  Melee: Falchion          ||     3
         Constrict         ||     1
         Tentacles         ||     1
    Use: Scroll            ||     1
 Armour: Skin              ||     1

Table legend: (Time is in decaauts)
 A = Elapsed time spent in this place.
 B = Non-inter-level travel time spent in this place.
 C = Inter-level travel time spent in this place.
 D = Time resting spent in this place.
 E = Time spent auto-exploring this place.
 F = Levels seen in this place.
 G = Mean time per level.
                   A        B        C        D        E       F      G
               +--------+--------+--------+--------+--------+-----+--------+
         Total |    133 |    133 |      0 |     49 |      0 |   1 |  133.0 |
       Dungeon |    133 |    133 |      0 |     49 |      0 |   1 |  133.0 |
               +--------+--------+--------+--------+--------+-----+--------+

Top non-repeatable levels by time:
     D:5: 133 daAuts
